TOP OF THE 1ST |
San Jose Missions batting - Pitching for Texarkana Bears : RHP Alberto Márquez
|
Pitching: RHP Alberto Márquez
|
|
Batting: RHB Glenn Johnson
|
0-0: Ball 1-0: Foul Ball, location: 2F 1-1: Ball 2-1: Foul Ball, location: 2F 2-2: Strikes out swinging
|
Batting: RHB Jorge Díaz
|
0-0: Called Strike 0-1: SINGLE (Groundball, 56S) (infield hit)
|
Batting: RHB Dale Taylor
|
0-0: Called Strike 0-1: Swinging Strike 0-2: Ball 1-2: Foul Ball, location: 2F 1-2: Strikes out looking
|
Batting: RHB Naomichi Aoki
|
0-0: Foul Ball, location: 2F 0-1: Ball 1-1: Called Strike 1-2: Strikes out swinging
|
Top of the 1st over - 0 run(s), 1 hit(s), 0 error(s), 1 left on base; San Jose 0 - Texarkana 0 |
BOTTOM OF THE 1ST |
Texarkana Bears batting - Pitching for San Jose Missions : RHP Al Bernhardt
|
Pitching: RHP Al Bernhardt
|
|
Batting: LHB Guy Moss
|
0-0: Called Strike 0-1: Foul Ball, location: 2F 0-2: Foul Ball, location: 2F 0-2: Ball 1-2: Foul Ball, location: 2F 1-2: Ground out 5-3 (Groundball, 56)
|
Batting: RHB Tony Reyes
|
0-0: Ball 1-0: Foul Ball, location: 2F 1-1: Called Strike 1-2: Foul Ball, location: 2F 1-2: Ball 2-2: Ball 3-2: Strikes out looking
|
Batting: RHB Lu-fang Huie
|
0-0: Foul Ball, location: 2F 0-1: Fly out, F9 (Flyball, 9S)
|
Bottom of the 1st over - 0 run(s), 0 hit(s), 0 error(s), 0 left on base; San Jose 0 - Texarkana 0 |
TOP OF THE 2ND |
San Jose Missions batting - Pitching for Texarkana Bears : RHP Alberto Márquez
|
Batting: LHB Miguel Montés
|
0-0: Swinging Strike 0-1: DOUBLE (Line Drive, 5D)
|
Batting: RHB Ed Starr
|
0-0: Ground out 4-3 (Groundball, 4) Miguel Montés to third
|
Batting: RHB José Martínez
|
0-0: Called Strike 0-1: Ball 1-1: SINGLE (Groundball, 56D) Miguel Montés scores
|
Batting: RHB José Sánchez
|
0-0: Called Strike 0-1: Ball 1-1: Called Strike 1-2: SINGLE (Groundball, 6MD) José Martínez to second
|
Batting: RHB Miguel Mendoza
|
0-0: Foul Ball, location: 2F 0-1: Swinging Strike 0-2: Foul Ball, location: 2F 0-2: Foul Ball, location: 2F 0-2: Strikes out swinging
|
Batting: RHB Glenn Johnson
|
0-0: Ball 1-0: Foul Ball, location: 2F 1-1: Foul Ball, location: 2F 1-2: Foul Ball, location: 2F 1-2: Strikes out looking
|
Top of the 2nd over - 1 run(s), 3 hit(s), 0 error(s), 2 left on base; San Jose 1 - Texarkana 0 |
BOTTOM OF THE 2ND |
Texarkana Bears batting - Pitching for San Jose Missions : RHP Al Bernhardt
|
Batting: RHB Michael Barraclough
|
0-0: Ball 1-0: Foul Ball, location: 2F 1-1: Ball 2-1: Foul Ball, location: 2F 2-2: Ball 3-2: Base on Balls
|
Batting: RHB Billy Campbell
|
0-0: Ball 1-0: Called Strike 1-1: Ball 2-1: Foul Ball, location: 2F 2-2: Strikes out swinging
|
Batting: LHB Sam Barnes
|
0-0: Called Strike 0-1: Ball Michael Barraclough steals 2nd base 1-1: Ground out 4-3 (Groundball, 4M) Michael Barraclough to third
|
Batting: RHB Juan Rico
|
0-0: Swinging Strike 0-1: SINGLE (Line Drive, 56D) Michael Barraclough scores
|
Batting: LHB Tom Mullins
|
0-0: SINGLE (Line Drive, 4MD) Juan Rico to second
|
Batting: RHB Steve Garneys
|
0-0: Foul Ball, location: 2F 0-1: Called Strike 0-2: Strikes out swinging
|
Bottom of the 2nd over - 1 run(s), 2 hit(s), 0 error(s), 2 left on base; San Jose 1 - Texarkana 1 |
TOP OF THE 3RD |
San Jose Missions batting - Pitching for Texarkana Bears : RHP Alberto Márquez
|
Batting: RHB Jorge Díaz
|
0-0: Called Strike 0-1: Hit by Pitch
|
Batting: RHB Dale Taylor
|
0-0: Ball 1-0: Ball 2-0: Ball 3-0: Base on Balls Jorge Díaz to second
|
Batting: RHB Naomichi Aoki
|
0-0: Called Strike 0-1: Ball 1-1: Ball 2-1: Ball 3-1: Called Strike 3-2: Strikes out swinging
|
Batting: LHB Miguel Montés
|
0-0: Fly out, F8 (Line Drive, 8LXD) Runner from 2nd tags up, SAFE at 3rd, no throw
|
Batting: RHB Ed Starr
|
0-0: Ball 1-0: Swinging Strike 1-1: Swinging Strike 1-2: Ball 2-2: Ball 3-2: Strikes out swinging
|
Top of the 3rd over - 0 run(s), 0 hit(s), 0 error(s), 2 left on base; San Jose 1 - Texarkana 1 |
BOTTOM OF THE 3RD |
Texarkana Bears batting - Pitching for San Jose Missions : RHP Al Bernhardt
|
Batting: LHB Guy Moss
|
0-0: Fly out, F9 (Flyball, 89XD)
|
Batting: RHB Tony Reyes
|
0-0: Called Strike 0-1: Swinging Strike 0-2: Ball 1-2: Ground out 5-3 (Groundball, 56S)
|
Batting: RHB Lu-fang Huie
|
0-0: Called Strike 0-1: Ball 1-1: Foul Ball, location: 2F 1-2: Ball 2-2: Strikes out swinging
|
Bottom of the 3rd over - 0 run(s), 0 hit(s), 0 error(s), 0 left on base; San Jose 1 - Texarkana 1 |
TOP OF THE 4TH |
San Jose Missions batting - Pitching for Texarkana Bears : RHP Alberto Márquez
|
Batting: RHB José Martínez
|
0-0: Swinging Strike 0-1: Swinging Strike 0-2: Ball 1-2: Strikes out swinging
|
Batting: RHB José Sánchez
|
0-0: Ball 1-0: Ball 2-0: Fly out, F8 (Flyball, 8LS)
|
Batting: RHB Miguel Mendoza
|
0-0: Ball 1-0: Foul Ball, location: 2F 1-1: Ground out 4-3 (Groundball, 4MD)
|
Top of the 4th over - 0 run(s), 0 hit(s), 0 error(s), 0 left on base; San Jose 1 - Texarkana 1 |
BOTTOM OF THE 4TH |
Texarkana Bears batting - Pitching for San Jose Missions : RHP Al Bernhardt
|
Batting: RHB Michael Barraclough
|
0-0: Ball 1-0: Ground out 4-3 (Groundball, 4)
|
Batting: RHB Billy Campbell
|
0-0: Ground out 1-3 (Groundball, 13)
|
Batting: LHB Sam Barnes
|
0-0: Ball 1-0: Fly out, F8 (Flyball, 8RM)
|
Bottom of the 4th over - 0 run(s), 0 hit(s), 0 error(s), 0 left on base; San Jose 1 - Texarkana 1 |
TOP OF THE 5TH |
San Jose Missions batting - Pitching for Texarkana Bears : RHP Alberto Márquez
|
Now at 2B: Kun Liu
|
|
Batting: RHB Glenn Johnson
|
0-0: Called Strike 0-1: Ground out 5-3 (Groundball, 56)
|
Batting: RHB Jorge Díaz
|
0-0: Ball 1-0: Ball 2-0: Called Strike 2-1: Foul Ball, location: 2F 2-2: Foul Ball, location: 2F 2-2: Foul Ball, location: 2F 2-2: Ball 3-2: Strikes out swinging
|
Batting: RHB Dale Taylor
|
0-0: Foul Ball, location: 2F 0-1: Ball 1-1: Ball 2-1: SINGLE (Groundball, 56S) (infield hit)
|
Batting: RHB Naomichi Aoki
|
0-0: Fielders Choice at 2nd, 5-4 (Groundball, 56)
|
Top of the 5th over - 0 run(s), 1 hit(s), 0 error(s), 0 left on base; San Jose 1 - Texarkana 1 |
BOTTOM OF THE 5TH |
Texarkana Bears batting - Pitching for San Jose Missions : RHP Al Bernhardt
|
Batting: RHB Kun Liu
|
0-0: Ball 1-0: Called Strike 1-1: SINGLE (Groundball, 6MD)
|
Batting: LHB Tom Mullins
|
0-0: Called Strike 0-1: Called Strike 0-2: Fly out, F8 (Flyball, 8RM)
|
Batting: RHB Steve Garneys
|
0-0: SINGLE (Groundball, 4D) Kun Liu to second
|
Batting: LHB Guy Moss
|
0-0: Ball 1-0: Ball 2-0: Foul Ball, location: 2F 2-1: Ball 3-1: Base on Balls Kun Liu to third Steve Garneys to second
|
Batting: RHB Tony Reyes
|
0-0: Called Strike 0-1: Swinging Strike 0-2: Ball 1-2: Strikes out swinging
|
Batting: RHB Lu-fang Huie
|
0-0: Ball 1-0: Ball 2-0: Ball 3-0: Base on Balls Kun Liu scores Steve Garneys to third Guy Moss to second
|
Batting: RHB Michael Barraclough
|
0-0: Called Strike 0-1: Called Strike 0-2: Strikes out swinging
|
Bottom of the 5th over - 1 run(s), 2 hit(s), 0 error(s), 3 left on base; San Jose 1 - Texarkana 2 |
TOP OF THE 6TH |
San Jose Missions batting - Pitching for Texarkana Bears : RHP Alberto Márquez
|
Batting: LHB Miguel Montés
|
0-0: Ball 1-0: Called Strike 1-1: Called Strike 1-2: Ground out U3 (Groundball, 34)
|
Batting: RHB Ed Starr
|
0-0: Foul Ball, location: 2F 0-1: Swinging Strike 0-2: Ball 1-2: Fly out, F9 (Flyball, 9S)
|
Batting: RHB José Martínez
|
0-0: Called Strike 0-1: Foul Ball, location: 2F 0-2: Ball 1-2: Strikes out swinging
|
Top of the 6th over - 0 run(s), 0 hit(s), 0 error(s), 0 left on base; San Jose 1 - Texarkana 2 |
BOTTOM OF THE 6TH |
Texarkana Bears batting - Pitching for San Jose Missions : RHP Al Bernhardt
|
Batting: RHB Billy Campbell
|
0-0: Ground out 4-3 (Groundball, 4)
|
Batting: LHB Sam Barnes
|
0-0: Ball 1-0: Ball 2-0: Ball 3-0: Called Strike 3-1: Base on Balls
|
Batting: RHB Kun Liu
|
0-0: Called Strike 0-1: Swinging Strike 0-2: Ball Sam Barnes is caught stealing 2nd base 1-2: Ball 2-2: Strikes out looking
|
Bottom of the 6th over - 0 run(s), 0 hit(s), 0 error(s), 0 left on base; San Jose 1 - Texarkana 2 |
TOP OF THE 7TH |
San Jose Missions batting - Pitching for Texarkana Bears : RHP Alberto Márquez
|
Pitching: RHP António Ramírez
|
|
Batting: RHB José Sánchez
|
0-0: Ball 1-0: Reached via error on a dropped throw, E3
|
Batting: RHB Miguel Mendoza
|
0-0: Called Strike José Sánchez is caught stealing 2nd base 0-1: Ball 1-1: Ball 2-1: Fly out, F9 (Line Drive, 9)
|
Batting: RHB Glenn Johnson
|
0-0: Foul Ball, location: 2F 0-1: SOLO HOME RUN (Flyball, 78D), Distance : 423 ft
|
Batting: RHB Jorge Díaz
|
0-0: Called Strike 0-1: Swinging Strike 0-2: Foul Ball, location: 2F 0-2: Strikes out swinging
|
Top of the 7th over - 1 run(s), 1 hit(s), 1 error(s), 0 left on base; San Jose 2 - Texarkana 2 |
BOTTOM OF THE 7TH |
Texarkana Bears batting - Pitching for San Jose Missions : RHP Al Bernhardt
|
Batting: LHB Tom Mullins
|
0-0: Called Strike 0-1: SINGLE (Flyball, 78S)
|
Pinch Hitting: RHB Keith Ford
|
0-0: Ball 1-0: Swinging Strike 1-1: Foul Ball, location: 2F 1-2: Ball 2-2: Foul Ball, location: 2F 2-2: Strikes out swinging
|
Batting: LHB Guy Moss
|
0-0: SINGLE (Groundball, 34S) (infield hit) Tom Mullins to second
|
Pinch Runner at 2nd Mark Thomas:
|
|
Batting: RHB Tony Reyes
|
0-0: Called Strike 0-1: Fly out, F8 (Flyball, 8LD) Runner from 2nd tags up, SAFE at 3rd, no throw
|
Batting: RHB Lu-fang Huie
|
0-0: Ball Guy Moss is caught stealing 2nd base
|
Bottom of the 7th over - 0 run(s), 2 hit(s), 0 error(s), 0 left on base; San Jose 2 - Texarkana 2 |
TOP OF THE 8TH |
San Jose Missions batting - Pitching for Texarkana Bears : RHP António Ramírez
|
Now at 3B: Arturo Rodríguez
|
|
Now at SS: Keith Ford
|
|
Batting: RHB Dale Taylor
|
0-0: Called Strike 0-1: Swinging Strike 0-2: Ball 1-2: Strikes out swinging
|
Batting: RHB Naomichi Aoki
|
0-0: Ball 1-0: SOLO HOME RUN (Flyball, 7LD), Distance : 383 ft
|
Batting: LHB Miguel Montés
|
0-0: Ball 1-0: Called Strike 1-1: Foul Ball, location: 2F 1-2: Foul Ball, location: 2F 1-2: Ball 2-2: Strikes out looking
|
Batting: RHB Ed Starr
|
0-0: Foul Ball, location: 2F 0-1: Called Strike 0-2: Foul Ball, location: 2F 0-2: Foul Ball, location: 2F 0-2: Ball 1-2: Ground out U3 (Groundball, 34S)
|
Top of the 8th over - 1 run(s), 1 hit(s), 0 error(s), 0 left on base; San Jose 3 - Texarkana 2 |
BOTTOM OF THE 8TH |
Texarkana Bears batting - Pitching for San Jose Missions : RHP Al Bernhardt
|
Pitching: RHP Bill Long
|
|
Batting: RHB Lu-fang Huie
|
0-0: Ball 1-0: Ball 2-0: Ball 3-0: Base on Balls
|
Pitching: RHP José Reyes
|
|
Batting: RHB Michael Barraclough
|
0-0: Called Strike 0-1: Ball 1-1: Foul Ball, location: 2F 1-2: Strikes out swinging
|
Batting: RHB Billy Campbell
|
0-0: Fielders Choice at 2nd, 1-6 (Groundball, 13)
|
Pitching: LHP Morgan O'Day
|
|
Batting: LHB Sam Barnes
|
0-0: Ball 1-0: Called Strike 1-1: Fly out, F9 (Flyball, 89S)
|
Bottom of the 8th over - 0 run(s), 0 hit(s), 0 error(s), 1 left on base; San Jose 3 - Texarkana 2 |
TOP OF THE 9TH |
San Jose Missions batting - Pitching for Texarkana Bears : RHP António Ramírez
|
Batting: RHB José Martínez
|
0-0: Ball 1-0: Called Strike 1-1: Swinging Strike 1-2: Foul Ball, location: 2F 1-2: SINGLE (Groundball, 4MD)
|
Batting: RHB José Sánchez
|
0-0: Ball 1-0: Sac Bunt - play at first, batter OUT! 1-4 José Martínez to second
|
Pinch Hitting: RHB Culley Douglas
|
0-0: Intentional Walk
|
Pinch Hitting: RHB Chang-geun Kim
|
0-0: Called Strike 0-1: Ball 1-1: Swinging Strike 1-2: Grounds into double play, 6-4-3 (Groundball, 6)
|
Top of the 9th over - 0 run(s), 1 hit(s), 0 error(s), 1 left on base; San Jose 3 - Texarkana 2 |
BOTTOM OF THE 9TH |
Texarkana Bears batting - Pitching for San Jose Missions : LHP Morgan O'Day
|
Pitching: RHP Paul Lewis
|
|
Now at C: Wilson Vecino
|
|
Now at 2B: Jorge Fuentes
|
|
Now at SS: Bobby Brewster
|
|
Batting: RHB Kun Liu
|
0-0: Ball 1-0: Called Strike 1-1: Foul Ball, location: 2F 1-2: Strikes out swinging
|
Batting: RHB Arturo Rodríguez
|
0-0: Swinging Strike 0-1: Ground out 5-3 (Groundball, 56)
|
Batting: RHB Keith Ford
|
0-0: Called Strike 0-1: Foul Ball, location: 2F 0-2: Ball 1-2: Ball 2-2: Strikes out swinging
|
Bottom of the 9th over - 0 run(s), 0 hit(s), 0 error(s), 0 left on base; San Jose 3 - Texarkana 2 |
|